 Dungeon Crawl Stone Soup version 0.31-a0-174-g85c54bcb58 (webtiles) character file.

Game seed: 17067850175860777646

47297 TrayleKats the Devastator (level 14, -1/69 HPs)
             Began as a Deep Elf Conjurer on June 14, 2023.
             Was an Elder of Vehumet.
             Killed by divine providence
             ... invoked by a smoke demon
              (13 damage)
             ... on level 3 of the Abyss on June 15, 2023.
             The game lasted 00:40:17 (20274 turns).

TrayleKats the Devastator (Deep Elf Conjurer)      Turns: 20274, Time: 00:40:18

Health: -1/69      AC:  8    Str:  4      XL:     14   Next: 8%
Magic:  34/43      EV: 14    Int: 24 (25) God:    Vehumet [****..]
Gold:   1141       SH:  0    Dex:  9      Spells: 6/42 levels left

rFire   + . .        i - staff of conjuration
rCold   . . .        (no shield)
rNeg    . . .        J - +1 robe {rF+}
rPois   .            v - +0 helmet
rElec   +            m - +0 cloak
rCorr   .            g - +0 pair of gloves {hurl}
SInv    +            B - +1 pair of boots
Will    +....        H - amulet of magic regeneration
Stlth   ++           t - ring of magical power
HPRegen 0.31/turn    M - ring "Buohijot" {rElec SInv}
MPRegen 0.68/turn

%: random rage (9%)
@: unable to read
A: [berserk 2], [clumsy 2], [deterioration 2], [dopey 2], [frail 2], [no potion
heal 2], [inability to read after injury 2]
a: Renounce Religion


You were on level 3 of the Abyss.
You worshipped Vehumet.
Vehumet was greatly pleased with you.
You visited 2 branches of the dungeon, and saw 14 of its levels.
You visited the Abyss 1 time.
You also visited: Sewer, Ossuary, Gauntlet and Volcano.

You collected 1141 gold pieces.

Inventory:

Hand Weapons
 D - a +5 scimitar of freezing
Missiles
 h - 3 atropa-tipped darts
 Q - 5 javelins
 U - a throwing net
Armour
 c - +0 steam dragon scales
 g - a +0 pair of gloves of hurling (worn)
 m - a +0 cloak (worn)
 v - a +0 helmet (worn)
 B - a +1 pair of boots (worn)
 J - a +1 robe of fire resistance (worn)
 X - a +0 buckler
Magical Staves
 i - a staff of conjuration (weapon)
Jewellery
 t - a ring of magical power (left hand)
 y - the ring of the Puckish God {Fire Fly Int-2 SInv Stlth+}
   (You found it on level 8 of the Dungeon)

   [ring of fire]

   It enhances your fire magic.
   Int:       It affects your intelligence (-2).
   rF:        It protects you from fire.
   rC:        It makes you vulnerable to cold.
   SInv:      It lets you see invisible.
   Fly:       It grants you flight.
   Stlth:     It makes you more stealthy.
 H - an amulet of magic regeneration (around neck)
 M - the ring "Buohijot" (right hand) {rElec SInv}
   (You found it in a Gauntlet)

   [ring of see invisible]

   rElec:     It insulates you from electricity.
   SInv:      It lets you see invisible.
 N - an amulet of reflection
 O - the ring of Conformity {Ice *Corrode Fly rElec Int+4}
   (You found it in a Gauntlet)

   [ring of ice]

   It enhances your ice magic.
   Int:       It affects your intelligence (+4).
   rF:        It makes you vulnerable to fire.
   rC:        It protects you from cold.
   rElec:     It insulates you from electricity.
   Fly:       It grants you flight.
   *Corrode:  It may corrode you when you take damage.
Wands
 w - a wand of polymorph (11)
 A - a wand of digging (4)
 I - a wand of iceblast (13)
 K - a wand of paralysis (12)
Scrolls
 k - 9 scrolls of teleportation
 n - 4 scrolls of amnesia
 s - 5 scrolls of vulnerability
 z - 2 scrolls of revelation
 C - a scroll of silence
 F - 9 scrolls of identify
 G - a scroll of fog
 T - a scroll of fear
 W - a scroll of blinking
 Z - a scroll of brand weapon
Potions
 a - 4 potions of mutation
 b - 2 potions of magic
 d - 12 potions of curing
 e - 3 potions of invisibility {unknown}
 f - 5 potions of haste {unknown}
 j - 4 potions of heal wounds
 l - 4 potions of cancellation {unknown}
 o - 2 potions of might {unknown}
 p - a potion of ambrosia {unknown}
 q - 5 potions of brilliance {unknown}
 r - 3 potions of berserk rage {unknown}
 u - 3 potions of enlightenment {unknown}
 x - 2 potions of degeneration {unknown}
 E - 5 potions of lignification {unknown}
 Y - a potion of attraction {unknown}
Miscellaneous
 S - a sack of spiders
 V - a condenser vane


   Skills:
 * Level 9.7 Fighting
 + Level 8.0 Dodging
 - Level 3.0 Stealth
 + Level 3.0 Shields
 + Level 14.5 Spellcasting
 - Level 16.0 Conjurations
 - Level 5.0 Hexes
 - Level 5.0 Translocations
 * Level 9.4 Fire Magic


You had 6 spell levels left.
You knew the following spells:

 Your Spells              Type           Power      Damage    Failure   Level
a - Magic Dart            Conj           100%       1d8       0%          1
b - Searing Ray           Conj           100%       2d8       0%          2
c - Fulminant Prism       Conj/Hex       40%        3d19      1%          4
d - Iskenderun's Mystic   Conj/Tloc      80%        2d16      1%          4
e - Starburst             Conj/Fire      43%        6d12      1%          6
f - Spellforged Servitor  Conj/Summ      35%        N/A       26%         7
g - Orb of Destruction    Conj           48%        9d13      1%          7
h - Freezing Cloud        Conj/Ice/Air   29%        6-21      3%          5

Your spell library contained the following spells:

 Spells                   Type           Power      Damage    Failure   Level
 Apportation              Tloc           82%        N/A       1%          1
 Freeze                   Ice            68%        1d8       1%          1
 Dazzling Flash           Conj/Hex       100%       N/A       1%          3
 Mephitic Cloud           Conj/Pois/Air  59%        N/A       1%          3
 Stone Arrow              Conj/Erth      100%       3d13      1%          3
 Irradiate                Conj/Tmut      35%        3d23      1%          5
 Frozen Ramparts          Ice            34%        1d6       2%          3
 Necrotise                Necr           68%        1d7       3%          1
 Summon Small Mammal      Summ           68%        N/A       3%          1
 Summon Guardian Golem    Hex/Summ       29%        N/A       3%          3
 Call Imp                 Summ           34%        N/A       4%          2
 Sublimation of Blood     Necr           17%        N/A       4%          2
 Wereblood                Tmut           17%        N/A       4%          2
 Yara's Violent Unravell  Hex/Tmut       14%        3d7       9%          5
 Animate Armour           Summ/Erth      34%        N/A       32%         4
 Ice Form                 Ice/Tmut       17%        N/A       32%         4
 Petrify                  Tmut/Erth      17%        N/A       32%         4
 Summon Ice Beast         Ice/Summ       17%        N/A       32%         4
 Simulacrum               Ice/Necr       8%         N/A       99%         6
 Lehudib's Crystal Spear  Conj/Erth      35%        10d9      87%         8
 Summon Hydra             Summ           8%         N/A       100%        7


Dungeon Overview and Level Annotations

Branches:
Dungeon (10/15)            Temple (0/1) D:4            Lair (4/5) D:10
 Shoals (0/4) Lair:2       Spider (0/4) Lair:3        Sewer (visited)
Ossuary (visited)         Volcano (visited)         Gauntlet (visited)
  Slime: Lair:4-5       Orc: D:9-12

Altars:
Ashenzari
Elyvilon
Kikubaaqudgha
Vehumet
Wu Jian

Shops:
D:10 (

Annotations:
D:3 2 transporters, Dittersdorf's ghost, amateur GrFi
D:4 2 runed translucent doors, superbruh's ghost, amateur GrFi


Innate Abilities, Weirdness & Mutations

[You have an uncontrollable temper.]
[You are very clumsy. (Dex -4)]
[Your body often deteriorates upon taking damage.]
[You are very dopey. (Int -4)]
[You are very frail. (-20% HP)]
[Potions cannot restore your health.]
[You sometimes lose the ability to read scrolls when taking damage.]


Message History

The smoke demon roars!
The smoke demon gestures at you. Something smites you!
You feel threatened and lose the ability to read scrolls!
Found a gateway leading deeper into the Abyss.
A tentacle flies out from the starspawn's body!
A starspawn tentacle comes into view.
You are too injured to fight recklessly!
Aiming: Orb of Destruction (dangerous; 1% risk of failure)
Press: ? - help, Q - select action, (/) - cycle Shift-Dir - straight line, f - smoke demon
Aim: a smoke demon You feel a surge of power!
A ynoxinul comes into view.
A lurking horror comes into view.
The ynoxinul bellows!
You hear a bark!
The starspawn tentacle misses you.
A starspawn tentacle comes into view.
Aiming: Orb of Destruction (dangerous; 1% risk of failure)
Press: ? - help, Q - select action, (/) - cycle Shift-Dir - straight line, f/p - smoke demon
Aim: a smoke demon (severely wounded)
Okay, then.
You cannot read scrolls in your current state!
Unknown command.
You enter the shallow water.
Moving in this stuff is going to be slow.
You can read scrolls again.
The smoke demon gestures at you. Something smites you!
You feel threatened and lose the ability to read scrolls!
* * * LOW HITPOINT WARNING * * *
The starspawn tentacle barely misses you.
The starspawn tentacle closely misses you.
Okay, then.
Aiming: Orb of Destruction (dangerous; 1% risk of failure)
Press: ? - help, Q - select action, (/) - cycle Shift-Dir - straight line, f/p - smoke demon
Aim: a smoke demon (severely wounded)
You feel a surge of power! The smoke demon gestures at you.
Something smites you!
You die...

.###..##
####│.#/....#. # #
#.<..........
♣.♣│...~.3.~~ ~.♣
..\....♣.
......~♣>≈..♣♣
.....3♣w...~.♣♣
≈~........~...~♣
♣~~.....*○.....♣
♣~~..♣...≈@♣♣.....
♣♣~~.......♣ ....~
>≈~~.♣..~.. ...~
♣~≈.♣...... ~~.
♣≈≈~.♣♣..~.. . ≈~.
♣♣....♣ ≈~. ♣.....
~. .......


You could see a smoke demon (ally target), a ynoxinul and a starspawn tentacle.

Vanquished Creatures
  A minotaur (Gauntlet)
  The ghost of Pooter the Severer, a journeyman MiBe of Trog (Lair:3)
  A hydra (D:9)
  A two-headed ogre (D:8)
  The ghost of frimble the Carver, a novice GnRe of Cheibriados (D:8)
  6 death yaks (Lair:1)
  A skyshark (Lair:3)
  A wretched star (Abyss:2)
  4 wizards
  A cyclops (D:9)
  14 elephants
  An ugly thing (D:10)
  A manticore (Lair:2)
  A toenail golem (Volcano)
  6 black mambas
  2 slime creatures (Gauntlet)
  An apocalypse crab (Gauntlet)
  11 cane toads
  2 unseen horrors
  A minotaur zombie (Gauntlet)
  A rime drake (Lair:4)
  A hellion (Gauntlet)
  10 komodo dragons
  2 trolls (D:10)
  A wind drake (Lair:2)
  A hornet (D:9)
  15 blink frogs
  A shadow (D:10)
  A wyvern (Lair:2)
  51 yaks
  A redback (Lair:3)
  2 steam dragons
  A large abomination (Abyss:2)
  4 hell hounds
  12 water moccasins
  Duvessa (D:4)
  6 ice beasts
  A sky beast (D:7)
  3 black bears
  2 centaurs
  6 wolves (Lair:1)
  A kobold brigand (D:9)
  5 bullfrogs
  4 elf zombies (Ossuary)
  A gnoll sergeant (D:10)
  6 scorpions
  23 wights
  Dowan (D:4)
  18 killer bees
  3 electric eels
  A hound (D:6)
  8 jellies
  A gnoll bouda (D:7)
  5 orc priests
  2 sleepcaps
  2 human zombies (Ossuary)
  Ijyb (D:3)
  2 iguanas
  8 orc wizards
  7 hell rats (Lair:3)
  A statue (D:3)
  A centaur simulacrum (D:8)
  A hound zombie (Ossuary)
  4 mummies (Ossuary)
  Robin (D:3)
  11 adders
  13 gnolls
  2 river rats (Sewer)
  7 white imps
  3 ufetubi
  2 worms (D:4)
  A dart slug (D:4)
  21 orcs
  8 ball pythons
  2 bats
  15 endoplasms
  7 giant cockroaches
  8 goblins
  7 hobgoblins
  3 jackals (D:1)
  4 quokkas
  6 frilled lizards
  A goblin zombie (Ossuary)
  11 kobolds
  A kobold zombie (Ossuary)
  2 orc zombies (Ossuary)
  7 rats
  A rat zombie (Ossuary)
  A butterfly (Lair:2)
  A fulminant prism (Lair:3)
433 creatures vanquished.

Vanquished Creatures (collateral kills)
  The ghost of MothFluffs the Fighter, a journeyman DsGl of Okawaru (Lair:3)
  The ghost of jasper the Summoner, a journeyman SpSu of the Shining One (Lair:3)
  A toenail golem (Volcano)
3 creatures vanquished.

Vanquished Creatures (others)
  A wizard (Volcano)
  A human (D:4)
  100 fulminant prisms
  A lurking horror (Abyss:3)
  2 starspawn tentacles (Abyss:3)
105 creatures vanquished.

Grand Total: 541 creatures vanquished

Notes
Turn   | Place    | Note
-------+----------+-------------------------------------------
     0 | D:1      | TrayleKats the Deep Elf Conjurer began the quest for the
                  | Orb.
     0 | D:1      | Reached XP level 1. HP: 10/10 MP: 6/6
    80 | D:1      | You fall into a shaft and drop 1 floor!
   261 | D:1      | Reached XP level 2. HP: 15/15 MP: 2/8
  1161 | D:2      | Learned a level 2 spell: Searing Ray
  1189 | D:2      | Reached XP level 3. HP: 19/19 MP: 6/10
  1263 | D:2      | Reached skill level 5 in Conjurations
  2344 | D:3      | Noticed Robin
  2347 | D:3      | Noticed Ijyb
  2710 | D:3      | Reached XP level 4. HP: 23/24 MP: 1/12
  2820 | D:3      | Killed Robin
  2948 | D:3      | Found a transporter.
  2951 | D:3      | Noticed Dittersdorf's ghost (amateur GrFi)
  2987 | D:3      | Found a transporter.
  3024 | D:3      | Found a radiant altar of Vehumet.
  3032 | D:3      | Noticed a charred statue
  3158 | D:3      | Killed a charred statue
  3159 | D:3      | Reached XP level 5. HP: 26/28 MP: 6/13
  3164 | D:3      | Became a worshipper of Vehumet
  3291 | D:3      | Reached skill level 6 in Conjurations
  3534 | D:3      | Killed Ijyb
  3864 | D:4      | Reached skill level 5 in Spellcasting
  3867 | D:4      | Reached XP level 6. HP: 32/32 MP: 8/16
  3916 | D:4      | Found a glowing drain.
  3949 | Sewer    | Entered a sewer
  3986 | Sewer    | Reached skill level 7 in Conjurations
  4271 | Sewer    | Reached * piety under Vehumet
  4271 | Sewer    | Offered knowledge of Shock by Vehumet.
  4834 | Sewer    | Found a viscous altar of Jiyva.
  5064 | D:4      | Identified the +0 robe of Xonim {rF+ rC++ Str+3 Int+4}
  5131 | D:4      | Reached XP level 7. HP: 33/36 MP: 6/18
  5421 | D:4      | Learned a level 4 spell: Fulminant Prism
  5426 | D:4      | Learned a level 4 spell: Iskenderun's Mystic Blast
  5787 | D:4      | Reached skill level 8 in Conjurations
  5912 | D:4      | Found a runed translucent door.
  5917 | D:4      | Noticed superbruh's ghost (amateur GrFi)
  5956 | D:4      | Found an ancient bone altar of Kikubaaqudgha.
  5957 | D:4      | Noticed a human
  5959 | D:4      | Killed a human
  5980 | D:4      | Found a runed translucent door.
  6454 | D:4      | Found a staircase to the Ecumenical Temple.
  6483 | D:5      | Entered Level 5 of the Dungeon
  6483 | D:5      | Noticed Duvessa
  6483 | D:5      | Noticed Dowan
  6503 | D:4      | Killed Duvessa
  6504 | D:4      | Reached ** piety under Vehumet
  6504 | D:4      | Offered knowledge of Foxfire by Vehumet.
  6505 | D:4      | Killed Dowan
  6875 | D:5      | Reached skill level 9 in Conjurations
  7041 | D:5      | Reached skill level 1 in Hexes
  7041 | D:5      | Reached XP level 8. HP: 26/42 MP: 14/21
  7065 | D:5      | Reached skill level 1 in Translocations
  7719 | D:6      | Found a sand-covered staircase.
  7724 | Ossuary  | Entered an ossuary
  7758 | Ossuary  | Reached skill level 1 in Fighting
  8187 | D:6      | Offered knowledge of Mephitic Cloud by Vehumet.
  8238 | D:6      | Reached skill level 10 in Conjurations
  8243 | D:6      | Reached XP level 9. HP: 48/48 MP: 9/23
  8610 | D:6      | Reached *** piety under Vehumet
  9690 | D:7      | Offered knowledge of Hailstorm by Vehumet.
 10131 | D:7      | Reached skill level 11 in Conjurations
 10342 | D:7      | Reached skill level 5 in Hexes
 11198 | D:8      | Noticed a two-headed ogre
 11207 | D:8      | Killed a two-headed ogre
 11208 | D:8      | Reached XP level 10. HP: 56/56 MP: 24/25
 11269 | D:8      | Found a runed translucent gate.
 11270 | D:8      | Found a runed translucent gate.
 11271 | D:8      | Found a runed translucent gate.
 11299 | D:8      | Noticed frimble's ghost (novice GnRe)
 11349 | D:8      | Reached skill level 5 in Translocations
 11355 | D:8      | Reached **** piety under Vehumet
 11368 | D:8      | Reached skill level 10 in Spellcasting
 11819 | D:8      | Found an ornate altar of the Wu Jian Council.
 12184 | D:8      | Reached skill level 12 in Conjurations
 12185 | D:8      | Offered knowledge of Flame Wave by Vehumet.
 12201 | D:8      | Killed frimble's ghost
 12240 | D:8      | Got the ring of the Puckish God {Fire Fly Int-2 SInv
                  | Stlth+}
 12359 | D:9      | Noticed a wizard
 12359 | D:9      | Noticed a five-headed hydra
 12375 | D:9      | Killed a wizard
 12382 | D:9      | Killed a five-headed hydra
 12383 | D:9      | Reached skill level 5 in Fighting
 12383 | D:9      | Reached skill level 13 in Conjurations
 13178 | D:9      | Reached XP level 11. HP: 64/64 MP: 28/28
 13448 | D:9      | Found a white marble altar of Elyvilon.
 13627 | D:10     | Entered Level 10 of the Dungeon
 13656 | D:10     | Reached skill level 14 in Conjurations
 13921 | D:10     | Found a staircase to the Lair.
 13985 | D:10     | Noticed a cyan ugly thing
 13991 | D:10     | Killed a cyan ugly thing
 14017 | D:10     | Found a broken altar of Ashenzari.
 14060 | D:10     | Found Pifeess's Antique Weapon Shoppe.
 14122 | D:10     | Reached ***** piety under Vehumet
 14122 | D:10     | Offered knowledge of Starburst by Vehumet.
 14131 | D:10     | Learned a level 6 spell: Starburst
 14414 | Lair:1   | Entered Level 1 of the Lair of Beasts
 14476 | Lair:1   | Reached skill level 1 in Fire Magic
 14520 | Lair:1   | Reached skill level 15 in Conjurations
 14530 | Lair:1   | Reached XP level 12. HP: 44/71 MP: 30/30
 14709 | Lair:1   | Noticed a death yak
 14709 | Lair:1   | Noticed a death yak
 14710 | Lair:1   | Noticed a death yak
 14712 | Lair:1   | Noticed a death yak
 14716 | Lair:1   | Killed a death yak
 14719 | Lair:1   | Noticed a death yak
 14721 | Lair:1   | Killed a death yak
 14723 | Lair:1   | Noticed a death yak
 14728 | Lair:1   | Killed a death yak
 14731 | Lair:1   | Killed a death yak
 14737 | Lair:1   | Killed a death yak
 14737 | Lair:1   | Killed a death yak
 14750 | Lair:1   | Found a gate leading to a gauntlet.
 14829 | Gauntlet | Entered a Gauntlet
 14829 | Gauntlet | Found a transporter.
 14829 | Gauntlet | Found a transporter.
 14861 | Gauntlet | Found a transporter.
 14873 | Gauntlet | Found a transporter.
 14891 | Gauntlet | Found a transporter.
 14891 | Gauntlet | Found a transporter.
 14891 | Gauntlet | Found a transporter.
 14893 | Gauntlet | Found a transporter.
 14893 | Gauntlet | Found a transporter.
 14898 | Gauntlet | Found a runed translucent door.
 14898 | Gauntlet | Found a runed translucent door.
 14905 | Gauntlet | Found a transporter.
 14921 | Gauntlet | Found a transporter.
 14931 | Gauntlet | Found a transporter.
 14932 | Gauntlet | Noticed a green death
 14945 | Gauntlet | Found a transporter.
 14979 | Gauntlet | Found a transporter.
 15045 | Gauntlet | Reached skill level 5 in Dodging
 15045 | Gauntlet | Reached skill level 5 in Fire Magic
 15367 | Gauntlet | Identified the ring "Buohijot" {rElec SInv}
 15477 | Gauntlet | Identified the ring of Conformity {Ice *Corrode Fly rElec
                  | Int+4}
 15496 | Gauntlet | Identified the +2 scale mail of Enystyqi {Rampage rPois}
 15496 | Gauntlet | Noticed a minotaur
 15523 | Gauntlet | Killed a minotaur
 15533 | Gauntlet | Got the Meditations on the Changing Icicle
 15881 | Lair:1   | Learned a level 7 spell: Spellforged Servitor
 15889 | Lair:1   | Learned a level 7 spell: Orb of Destruction
 16526 | Lair:2   | Reached XP level 13. HP: 78/78 MP: 17/32
 16535 | Lair:2   | Reached skill level 16 in Conjurations
 17256 | Lair:2   | Found a staircase to the Shoals.
 18280 | Lair:3   | Reached skill level 1 in Shields
 18389 | Lair:3   | Found a hole to the Spider Nest.
 18448 | Lair:3   | Found a runed translucent gate.
 18448 | Lair:3   | Found a runed translucent gate.
 18448 | Lair:3   | Found a runed translucent gate.
 18820 | Lair:3   | Noticed jasper's ghost (journeyman SpSu)
 18820 | Lair:3   | Noticed Pooter's ghost (journeyman MiBe)
 18820 | Lair:3   | Noticed MothFluffs's ghost (journeyman DsGl)
 18930 | Lair:3   | Killed MothFluffs's ghost
 18932 | Lair:3   | Killed Pooter's ghost
 18933 | Lair:3   | Killed jasper's ghost
 19371 | Lair:4   | Offered knowledge of Freezing Cloud by Vehumet.
 19380 | Lair:4   | Learned a level 5 spell: Freezing Cloud
 19727 | Lair:4   | Found a dark tunnel.
 19744 | Volcano  | Entered a volcano
 19901 | Volcano  | Reached XP level 14. HP: 70/87 MP: 24/34
 19986 | Abyss:2  | Cast into level 2 of the Abyss (a wizard)
 19997 | Abyss:2  | Upgraded the game from 0.31-a0-167-g1c394c0614 to
                  | 0.31-a0-174-g85c54bcb58
 20012 | Abyss:2  | Found a corrupted altar of Lugonu.
 20097 | Abyss:3  | Noticed a brown very ugly thing
 20100 | Abyss:3  | Noticed a red very ugly thing
 20253 | Abyss:3  | Noticed a tentacled starspawn
 20274 | Abyss:3  | Killed from afar by a smoke demon

Illustrated notes

Levels and vault maps discovered:
D:1:      lemuel_arrival_river_bridge, layout_rooms, serial_park_tiny_1
D:2:      minmay_wonky_spiral, layout_basic
D:3:      layout_loops_ring, vehumet_statue, gammafunk_ghost_arena,
          kennysheep_donut, nicolae_goblin_pals
D:4:      layout_basic, tgw_kikubaaqudgha, temple_hall,
          cheibrodos_sewer_entry_bend, ebering_ghost_sewer_f, minivault_27
D:5:      layout_cave_pools, uniq_duvessa
D:6:      layout_loops_corners, enter_ossuary_2
D:7:      layout_basic, reono_crystal_passage
D:8:      layout_cave_pods, nzn_wu_jian_council_hall, gammafunk_ghost_icy
D:9:      cheibrodos_wizards_tower, layout_irregular_city,
          nicolae_overflow_crystal_walls, lightli_minifort
D:10:     layout_basic, ashenzari_altar_1, due_lair_maze_entry_diamond,
          serial_shops, shop
Lair:1:   layout_hall_layers, gauntlet_entry_generic
Lair:2:   layout_regular_city, minmay_shoals_entry_beasts, lemuel_fruit_fields,
          infiniplex_staircase_pool, grunt_megastairs_5, serial_bayou_shore_a
Lair:3:   layout_regular_city, spider_nest_entry_webs, gammafunk_ghost_cemetery,
          chequers_serial_rivers_small_3
Lair:4:   layout_loops_ring, enter_volcano_3, hangedman_lair_generics_rect,
          grunt_megastairs_2
Abyss:3:  base: Temple, hangedman_abyss_mock_shop
Volcano:  volcano_bunker

Skill      XL: |  1  2  3  4  5  6  7  8  9 10 11 12 13 14 |
---------------+-------------------------------------------+-----
Stealth        | 3 |  3.0
Conjurations   | 5 6 7 9 10 11 13 15 16 | 16.0
Spellcasting   | 4 5 6 7 8 9 11 12 13 14 | 14.5
Hexes          | 1 3 5 |  5.0
Translocations | 3 4 5 |  5.0
Fighting       | 2 3 5 6 8 9 |  9.7
Dodging        | 3 5 7 8 |  8.0
Fire Magic     | 2 6 9 |  9.4
Shields        | 2 3 |  3.0

Action                     |  1- 3 |  4- 6 |  7- 9 | 10-12 | 13-15 || total
---------------------------+-------+-------+-------+-------+-------++-------
  Melee: Staff             |     3 |     1 |    16 |     5 |     3 ||    28
   Cast: Magic Dart        |    98 |    83 |   101 |    88 |    13 ||   383
         Searing Ray       |     2 |    15 |    37 |     7 |       ||    61
         Fulminant Prism   |       |       |    12 |    76 |    13 ||   101
         Iskenderun's Myst |       |       |    17 |    83 |    38 ||   138
         Starburst         |       |       |       |     8 |    16 ||    24
         Orb of Destructio |       |       |       |       |    49 ||    49
         Spellforged Servi |       |       |       |       |     2 ||     2
         Freezing Cloud    |       |       |       |       |     1 ||     1
  Evoke: Condenser vane    |       |       |       |       |     1 ||     1
    Use: Scroll            |     1 |     6 |     1 |     1 |     7 ||    16
         Potion            |       |       |     1 |       |       ||     1
 Armour: Robe              |     2 |       |       |       |     1 ||     3
         Leather armour    |       |     3 |    24 |     4 |       ||    31
         Steam dragon scal |       |       |       |    22 |    11 ||    33
  Dodge: Dodged            |    21 |    12 |    65 |    29 |    28 ||   155

Table legend: (Time is in decaauts)
 A = Elapsed time spent in this place.
 B = Non-inter-level travel time spent in this place.
 C = Inter-level travel time spent in this place.
 D = Time resting spent in this place.
 E = Time spent auto-exploring this place.
 F = Levels seen in this place.
 G = Mean time per level.
                   A        B        C        D        E       F      G
               +--------+--------+--------+--------+--------+-----+--------+
         Total |  20315 |  19566 |    749 |   5641 |  11302 |  20 | 1015.8 |
       Dungeon |  12996 |  12369 |    627 |   2910 |   8036 |  10 | 1299.6 |
          Lair |   4301 |   4179 |    122 |   1270 |   2306 |   4 | 1075.2 |
         Abyss |    288 |    288 |      0 |    119 |     52 |   2 |  144.0 |
         Sewer |   1015 |   1015 |      0 |    476 |    427 |   1 | 1015.0 |
       Ossuary |    429 |    429 |      0 |    199 |    160 |   1 |  429.0 |
       Volcano |    241 |    241 |      0 |    111 |     86 |   1 |  241.0 |
      Gauntlet |   1042 |   1042 |      0 |    556 |    235 |   1 | 1042.0 |
               +--------+--------+--------+--------+--------+-----+--------+

Top non-repeatable levels by time:
     D:4: 2150 daAuts
  Lair:3: 1711 daAuts
     D:7: 1570 daAuts
     D:3: 1492 daAuts
  Lair:2: 1445 daAuts
     D:6: 1433 daAuts
     D:8: 1278 daAuts
     D:9: 1196 daAuts
     D:2: 1196 daAuts
  Lair:1: 1048 daAuts
Gauntlet: 1042 daAuts
   Sewer: 1015 daAuts
     D:1: 1005 daAuts
     D:5: 885 daAuts
    D:10: 786 daAuts
